PL
ATHLETIC CLUB KC @ VANCOUVER GREY WOLVES
06/02/2024
 
TOP OF THE 1ST
Athletic Club KC batting - Pitching for Vancouver Grey Wolves : RHP Roderick Rhodes
Pitching: RHP Roderick Rhodes
Batting: RHB Jorge Trevino 0-0: Ball
1-0: Foul Ball, location: 2F
1-1: Ground out 1-3 (Groundball, 13S)
Batting: SHB David Henderson 0-0: Ball
1-0: Foul Ball, location: 2F
1-1: Ball
SINGLE, but batter called out on appeal for missing first base!
Batting: RHB David Edwards 0-0: Called Strike
0-1: Ball
1-1: Fly out, F7 (Flyball, 78M)
Top of the 1st over - 0 run(s), 0 hit(s), 0 error(s), 0 left on base; Athletic Club KC 0 - Vancouver 0
BOTTOM OF THE 1ST
Vancouver Grey Wolves batting - Pitching for Athletic Club KC : RHP Pedro Ramírez
Pitching: RHP Pedro Ramírez
Batting: RHB Alfredo Méndez 0-0: Foul Ball, location: 2F
0-1: Swinging Strike
0-2: Ball
1-2: Ball
2-2: Foul Ball, location: 2F
2-2: Foul Ball, location: 2F
2-2: Ball
3-2: Foul Ball, location: 2F
3-2: Foul Ball, location: 2F
3-2: Foul Ball, location: 2F
3-2: Foul Ball, location: 2F
3-2: Base on Balls
Batting: LHB Héctor Cortéz 0-0: Fly out, F8 (Flyball, 8RM)
Batting: LHB José Alonso Pickoff Throw to First - Error! E1
Alfredo Méndez to second
0-0: Fly out, F9 (Flyball, 89D)
Runner from 2nd tags up, SAFE at 3rd, no throw
Batting: LHB Min-heui Im 0-0: Ball
1-0: Foul Ball, location: 2F
1-1: Ball
2-1: Called Strike
2-2: Foul Ball, location: 2F
2-2: Fly out, F8 (Flyball, 8LD)
Bottom of the 1st over - 0 run(s), 0 hit(s), 1 error(s), 1 left on base; Athletic Club KC 0 - Vancouver 0
TOP OF THE 2ND
Athletic Club KC batting - Pitching for Vancouver Grey Wolves : RHP Roderick Rhodes
Batting: RHB John Downing 0-0: Ball
1-0: Foul Ball, location: 2F
1-1: Ball
2-1: Ball
3-1: Base on Balls
Batting: RHB Ramón Souza 0-0: Fly out, F8 (Flyball, 8LS)
Batting: LHB Kelly Brown 0-0: Ball
1-0: Ball
2-0: SINGLE (Line Drive, 4M)
John Downing to second
Batting: LHB Thatcher Douglas 0-0: Fly out, F8 (Flyball, 8LD)
Runner from 2nd tags up, SAFE at 3rd, no throw
Batting: SHB Pedro Vázquez 0-0: Ball
1-0: Ball
2-0: Ball
3-0: Called Strike
3-1: Ground out 4-3 (Groundball, 34)
Top of the 2nd over - 0 run(s), 1 hit(s), 0 error(s), 2 left on base; Athletic Club KC 0 - Vancouver 0
BOTTOM OF THE 2ND
Vancouver Grey Wolves batting - Pitching for Athletic Club KC : RHP Pedro Ramírez
Batting: LHB Timmy Appeldoorn 0-0: SINGLE (Groundball, 4M)
Batting: RHB Danny Walsh 0-0: Ball
1-0: Ball
2-0: Ball
3-0: Called Strike
3-1: Swinging Strike
3-2: Fly out, F9 (Flyball, 9M)
Batting: LHB David Hubbard 0-0: Called Strike
0-1: Swinging Strike
0-2: Ball
1-2: Grounds into double play, 3-6-1 (Groundball, 3)
Bottom of the 2nd over - 0 run(s), 1 hit(s), 0 error(s), 0 left on base; Athletic Club KC 0 - Vancouver 0
TOP OF THE 3RD
Athletic Club KC batting - Pitching for Vancouver Grey Wolves : RHP Roderick Rhodes
Batting: RHB Jason Dunn 0-0: Called Strike
0-1: Foul Ball, location: 2F
0-2: Ball
1-2: Ball
2-2: Ground out 1-3 (Groundball, 15S)
Batting: RHB Jorge Trevino 0-0: Swinging Strike
0-1: Ball
1-1: Ball
2-1: Foul Ball, location: 2F
2-2: Ground out 4-3 (Groundball, 4)
Batting: SHB David Henderson 0-0: Ground out 6-3 (Groundball, 6)
Top of the 3rd over - 0 run(s), 0 hit(s), 0 error(s), 0 left on base; Athletic Club KC 0 - Vancouver 0
BOTTOM OF THE 3RD
Vancouver Grey Wolves batting - Pitching for Athletic Club KC : RHP Pedro Ramírez
Batting: RHB Travis Newsome 0-0: Ball
1-0: Ball
2-0: Called Strike
2-1: Ball
3-1: Fly out, F7 (Flyball, 7S)
Batting: RHB Emílio Ortíz 0-0: Ball
1-0: Called Strike
1-1: Swinging Strike
1-2: Strikes out swinging
Batting: RHB Alfredo Méndez 0-0: Called Strike
0-1: Ball
1-1: Ball
2-1: Called Strike
2-2: Strikes out looking
Bottom of the 3rd over - 0 run(s), 0 hit(s), 0 error(s), 0 left on base; Athletic Club KC 0 - Vancouver 0
TOP OF THE 4TH
Athletic Club KC batting - Pitching for Vancouver Grey Wolves : RHP Roderick Rhodes
Batting: RHB David Edwards 0-0: Ball
1-0: Called Strike
1-1: SINGLE (Line Drive, 6M)
Batting: RHB John Downing 0-0: Ball
1-0: Ball
2-0: Called Strike
2-1: Ball
3-1: Foul Ball, location: 2F
3-2: Strikes out swinging
Batting: RHB Ramón Souza 0-0: Called Strike
0-1: Ball
1-1: Foul Ball, location: 2F
1-2: Ground out 6-3 (Groundball, 6S)
David Edwards to second
Batting: LHB Kelly Brown 0-0: Called Strike
0-1: Foul Ball, location: 2F
0-2: Foul Ball, location: 2F
0-2: Ball
1-2: Ball
2-2: Ball
3-2: Foul Ball, location: 2F
3-2: Base on Balls
Batting: LHB Thatcher Douglas 0-0: Ball
1-0: Ball
2-0: Ball
3-0: Called Strike
3-1: Base on Balls
David Edwards to third
Kelly Brown to second
Batting: SHB Pedro Vázquez 0-0: Called Strike
0-1: Ball
1-1: Ball
2-1: Swinging Strike
2-2: Ball
3-2: Ground out 4-3 (Groundball, 4MS)
Top of the 4th over - 0 run(s), 1 hit(s), 0 error(s), 3 left on base; Athletic Club KC 0 - Vancouver 0
BOTTOM OF THE 4TH
Vancouver Grey Wolves batting - Pitching for Athletic Club KC : RHP Pedro Ramírez
Batting: LHB Héctor Cortéz 0-0: Ball
1-0: Called Strike
1-1: Ball
2-1: Foul Ball, location: 2F
2-2: Foul Ball, location: 2F
2-2: Foul Ball, location: 2F
2-2: Ball
3-2: SINGLE (Line Drive, 6MD)
Batting: LHB José Alonso 0-0: Ball
1-0: Foul Ball, location: 2F
1-1: Fly out, F7 (Flyball, 78M)
Batting: LHB Min-heui Im 0-0: Grounds into double play, 4-6-3 (Groundball, 4)
Bottom of the 4th over - 0 run(s), 1 hit(s), 0 error(s), 0 left on base; Athletic Club KC 0 - Vancouver 0
TOP OF THE 5TH
Athletic Club KC batting - Pitching for Vancouver Grey Wolves : RHP Roderick Rhodes
Batting: RHB Jason Dunn 0-0: Called Strike
0-1: Ball
1-1: Swinging Strike
1-2: Foul Ball, location: 2F
1-2: Foul Ball, location: 2F
1-2: Ground out 5-3 (Groundball, 56)
Batting: RHB Jorge Trevino 0-0: Called Strike
0-1: Fly out, F7 (Flyball, 7D)
Batting: SHB David Henderson 0-0: SINGLE (Groundball, 34D)
Batting: RHB David Edwards 0-0: Foul Ball, location: 2F
0-1: Fly out, F3 (Popup, 3SF)
Top of the 5th over - 0 run(s), 1 hit(s), 0 error(s), 1 left on base; Athletic Club KC 0 - Vancouver 0
BOTTOM OF THE 5TH
Vancouver Grey Wolves batting - Pitching for Athletic Club KC : RHP Pedro Ramírez
Batting: LHB Timmy Appeldoorn 0-0: Foul Ball, location: 2F
0-1: Called Strike
0-2: Ball
1-2: Foul Ball, location: 2F
1-2: Foul Ball, location: 2F
1-2: Foul Ball, location: 2F
1-2: Strikes out swinging
Batting: RHB Danny Walsh 0-0: Foul Ball, location: 2F
0-1: Foul Ball, location: 2F
0-2: Ball
1-2: Fly out, F9 (Flyball, 9LM)
Batting: LHB David Hubbard 0-0: Ball
1-0: SINGLE (Groundball, 15S) (infield hit)
Batting: RHB Travis Newsome 0-0: Ball
1-0: Called Strike
1-1: Ball
2-1: Ball
3-1: 2-RUN HOME RUN (Flyball, 78XD), Distance : 376 ft
Batting: RHB Emílio Ortíz 0-0: Foul Ball, location: 2F
0-1: Called Strike
0-2: Ground out 6-3 (Groundball, 6)
Bottom of the 5th over - 2 run(s), 2 hit(s), 0 error(s), 0 left on base; Athletic Club KC 0 - Vancouver 2
TOP OF THE 6TH
Athletic Club KC batting - Pitching for Vancouver Grey Wolves : RHP Roderick Rhodes
Batting: RHB John Downing 0-0: Ball
1-0: Ball
2-0: Called Strike
2-1: Called Strike
2-2: Foul Ball, location: 2F
2-2: Strikes out swinging
Batting: RHB Ramón Souza 0-0: Foul Ball, location: 2F
0-1: Called Strike
0-2: Ball
1-2: Ball
2-2: Foul Ball, location: 2F
2-2: Ball
3-2: Foul Ball, location: 2F
3-2: Strikes out swinging
Batting: LHB Kelly Brown 0-0: Ball
1-0: Ball
2-0: Called Strike
2-1: Foul Ball, location: 2F
2-2: SINGLE (Flyball, 89S)
Pitching: LHP Kevin Woods
Batting: LHB Thatcher Douglas 0-0: Ball
1-0: Swinging Strike
1-1: Swinging Strike
1-2: Foul Ball, location: 2F
1-2: Fly out, F8 (Line Drive, 8LS)
Top of the 6th over - 0 run(s), 1 hit(s), 0 error(s), 1 left on base; Athletic Club KC 0 - Vancouver 2
BOTTOM OF THE 6TH
Vancouver Grey Wolves batting - Pitching for Athletic Club KC : RHP Pedro Ramírez
Batting: RHB Alfredo Méndez 0-0: Called Strike
0-1: Foul Ball, location: 2F
0-2: Ball
1-2: Ball
2-2: Ground out 5-3 (Groundball, 5L)
Batting: LHB Héctor Cortéz 0-0: Called Strike
0-1: Foul Ball, location: 2F
0-2: Ball
1-2: Ball
2-2: Ball
3-2: Strikes out swinging
Batting: LHB José Alonso 0-0: Ball
1-0: Called Strike
1-1: Swinging Strike
1-2: Foul Ball, location: 2F
1-2: Fly out, F7 (Flyball, 78M)
Bottom of the 6th over - 0 run(s), 0 hit(s), 0 error(s), 0 left on base; Athletic Club KC 0 - Vancouver 2
TOP OF THE 7TH
Athletic Club KC batting - Pitching for Vancouver Grey Wolves : LHP Kevin Woods
Batting: SHB Pedro Vázquez 0-0: Ball
1-0: Called Strike
1-1: Ball
2-1: Ball
3-1: Fly out, F6 (Popup, 6MD)
Batting: RHB Jason Dunn 0-0: Ball
1-0: Ball
2-0: Ball
3-0: Called Strike
3-1: Base on Balls
Batting: RHB Jorge Trevino 0-0: Ball
1-0: Called Strike
1-1: Swinging Strike
1-2: Ball
Pickoff Throw by Catcher to First - Out!
2-2: Foul Ball, location: 2F
2-2: Ball
3-2: Strikes out looking
Top of the 7th over - 0 run(s), 0 hit(s), 0 error(s), 0 left on base; Athletic Club KC 0 - Vancouver 2
BOTTOM OF THE 7TH
Vancouver Grey Wolves batting - Pitching for Athletic Club KC : RHP Pedro Ramírez
Batting: LHB Min-heui Im 0-0: Called Strike
0-1: Swinging Strike
0-2: Ball
1-2: Ball
2-2: Strikes out swinging
Batting: LHB Timmy Appeldoorn 0-0: Foul Ball, location: 2F
0-1: Ball
1-1: Ball
2-1: Ball
3-1: Base on Balls
Pitching: RHP Ole Kos
Batting: RHB Danny Walsh 0-0: Ball
1-0: Foul Ball, location: 2F
1-1: Fly out, F3 (Popup, 3)
Batting: LHB David Hubbard 0-0: Ball
1-0: Ball
2-0: Called Strike
2-1: Called Strike
2-2: Ball
3-2: SINGLE (Flyball, 9LM)
Timmy Appeldoorn to second
Timmy Appeldoorn to third
Batting: RHB Travis Newsome 0-0: Ball
1-0: Ball
2-0: Swinging Strike
2-1: Fly out, F9 (Flyball, 89D)
Bottom of the 7th over - 0 run(s), 1 hit(s), 0 error(s), 2 left on base; Athletic Club KC 0 - Vancouver 2
TOP OF THE 8TH
Athletic Club KC batting - Pitching for Vancouver Grey Wolves : LHP Kevin Woods
Pitching: RHP Joshua Barnes
Batting: SHB David Henderson 0-0: Called Strike
0-1: Swinging Strike
0-2: Foul Ball, location: 2F
0-2: Foul Ball, location: 2F
0-2: Ball
1-2: Strikes out swinging
Batting: RHB David Edwards 0-0: Ball
1-0: SINGLE (Flyball, 7LM)
Pitching: RHP Burt Booth
Batting: RHB John Downing 0-0: Swinging Strike
0-1: Ball
1-1: Ball
2-1: DOUBLE (Flyball, 8RXD)
David Edwards to third
Batting: RHB Ramón Souza 0-0: Ball
1-0: Ball
2-0: Ball
3-0: Base on Balls
Batting: LHB Kelly Brown 0-0: Ground out 3-1 (Groundball, 34S)
David Edwards scores
John Downing to third
Ramón Souza to second
Batting: LHB Thatcher Douglas 0-0: Swinging Strike
0-1: Called Strike
0-2: Foul Ball, location: 2F
0-2: Strikes out swinging
Top of the 8th over - 1 run(s), 2 hit(s), 0 error(s), 2 left on base; Athletic Club KC 1 - Vancouver 2
BOTTOM OF THE 8TH
Vancouver Grey Wolves batting - Pitching for Athletic Club KC : RHP Ole Kos
Batting: RHB Emílio Ortíz 0-0: Ball
1-0: Ground out 5-3 (Groundball, 56)
Batting: RHB Alfredo Méndez 0-0: Called Strike
0-1: Ball
1-1: Ball
2-1: Foul Ball, location: 2F
2-2: Ball
3-2: Base on Balls
Batting: LHB Héctor Cortéz 0-0: Foul Ball, location: 2F
0-1: Called Strike
0-2: Strikes out swinging
Batting: LHB José Alonso 0-0: Fly out, F8 (Flyball, 8LXD)
Bottom of the 8th over - 0 run(s), 0 hit(s), 0 error(s), 1 left on base; Athletic Club KC 1 - Vancouver 2
TOP OF THE 9TH
Athletic Club KC batting - Pitching for Vancouver Grey Wolves : RHP Burt Booth
Pitching: RHP David Hudson
Batting: SHB Pedro Vázquez 0-0: Ball
1-0: Foul Ball, location: 2F
1-1: Foul Ball, location: 2F
1-2: Strikes out looking
Batting: RHB Jason Dunn 0-0: Called Strike
0-1: Ball
1-1: Ball
2-1: Foul Ball, location: 2F
2-2: Ball
3-2: Strikes out looking
Batting: RHB Jorge Trevino 0-0: Called Strike
0-1: Fly out, F8 (Line Drive, 8LD)
Top of the 9th over - 0 run(s), 0 hit(s), 0 error(s), 0 left on base; Athletic Club KC 1 - Vancouver 2
This league is powered by Out of the Park Baseball, the baseball management simulation game for PC, Mac and Linux
Monday, October 3rd, 2016 - OOTP Baseball 16.9 Build 39